 Dungeon Crawl Stone Soup version 0.28.0-1-gb440e238dd (webtiles) character file.

Game seed: 12258585967601485757

74 Morbidden the Skirmisher (level 4, 35/35 HPs)
             Began as a Demonspawn Fighter on Feb 22, 2022.
             Quit the game on level 2 of the Dungeon.
             The game lasted 00:01:56 (2128 turns).

Morbidden the Skirmisher (Demonspawn Fighter)       Turns: 2128, Time: 00:01:56

Health: 35/35      AC:  8    Str: 18    XL:     4   Next: 10%
Magic:  4/4        EV:  9    Int:  9    God:
Gold:   25         SH:  4    Dex: 13    Spells: 3/3 levels left

rFire   . . .      SeeInvis .   a - +0 rapier
rCold   . . .      Faith    .   c - +0 buckler
rNeg    . . .      Spirit   .   i - +0 scale mail
rPois   .          Reflect  .   (no helmet)
rElec   .          Harm     .   (no cloak)
rCorr   .          Rampage  .   (no gloves)
Will    .....                   (no boots)
Stlth   ..........              (no amulet)
HPRegen 0.11/turn               (no ring)
MPRegen 0.09/turn               (no ring)

@: no status effects
A: thin metallic scales 1, demonic guardian 1
a: no special abilities


You were on level 2 of the Dungeon.
You visited 1 branch of the dungeon, and saw 2 of its levels.

You collected 25 gold pieces.

Inventory:

Hand Weapons
 a - a +0 rapier (weapon)
 b - a +0 hunting sling
Missiles
 f - 6 boomerangs (quivered)
 j - 17 sling bullets
Armour
 c - a +0 buckler (worn)
 i - a +0 scale mail (worn)
Scrolls
 g - 3 scrolls of identify {unknown}
 h - a scroll of vulnerability {unknown}
 k - a scroll of torment {unknown}
Potions
 d - a potion of might
 e - a potion of degeneration {unknown}
 l - a potion of curing {unknown}


   Skills:
 + Level 3.5 Fighting
 + Level 2.5 Short Blades
 + Level 3.4 Armour
 + Level 0.4 Dodging
 + Level 2.9 Shields


You had 3 spell levels left.
You didn't know any spells.
Your spell library contained the following spells:

 Spells                   Type           Power      Damage    Failure   Level
 Beastly Appendage        Tmut           0%         N/A       86%         1
 Wereblood                Tmut           0%         N/A       94%         2
 Spider Form              Tmut/Pois      0%         N/A       99%         3


Dungeon Overview and Level Annotations

Branches:
Dungeon (2/15)

Altars:
Uskayaw


Innate Abilities, Weirdness & Mutations

You are partially covered in thin metallic scales. (AC +2)
A weak demonic guardian rushes to your aid.


Message History

You kill the adder!
You have reached level 4!
You feel agile.
Your demonic ancestry asserts itself...
You feel the presence of a demonic guardian.
You open the door.
There is an open door here.
You open the door.
There is an open door here.
Found a stone staircase leading down.
Key pressed, stopping explore.
No target in view!
No target in view!
You open the door.
There is an open door here.
l - an amethyst potion No target in view!
You open the door.
There is an open door here.
You open the door.
There is an open door here.
Found 19 stones.
No target in view!
A giant cockroach comes into view.
A giant cockroach is nearby!
You block the giant cockroach's attack.
You closely miss the giant cockroach.
The giant cockroach bites you but does no damage.
The giant cockroach completely misses you.
You barely miss the giant cockroach. The giant cockroach barely misses you.
You hit the giant cockroach.
You kill the giant cockroach!
No target in view!
No target in view!
No target in view!
No target in view!
No target in view!
No target in view!
No target in view!
No target in view!
Are you sure you want to abandon this character and quit the game? (Confirm with "yes".)

###'##########
#
#............+
+
#.......######
# #.......# #
#.......# #
#.......# .. #
#.......# ....
#.......#
....###
#...@...#
#.....
#.......#
#.....
#.....(.#
#.....
#.......#
#.....
#.......#
#.....
#.......#
#...)†
#########
#..... #....g
#.#..<


There were no monsters in sight!

Vanquished Creatures
  3 adders (D:2)
  A worm (D:2)
  2 dart slugs (D:1)
  2 endoplasms (D:1)
  3 giant cockroaches
  4 goblins
  5 hobgoblins
  4 jackals (D:1)
  2 quokkas (D:1)
  3 ball pythons (D:1)
  2 bats (D:2)
  A frilled lizard (D:1)
  3 kobolds
  4 rats
39 creatures vanquished.

Notes
Turn   | Place    | Note
-------+----------+-------------------------------------------
     0 | D:1      | Morbidden the Demonspawn Fighter began the quest for the
                  | Orb.
     0 | D:1      | Reached XP level 1. HP: 18/18 MP: 1/1
   144 | D:1      | Found a faded altar of an unknown god.
   267 | D:1      | Gained mutation: You are partially covered in thin metallic
                  | scales. (AC +2) [demonic ancestry]
   267 | D:1      | Reached XP level 2. HP: 24/24 MP: 2/2
   470 | D:1      | Reached XP level 3. HP: 10/29 MP: 3/3
  1607 | D:2      | Found a hide-covered altar of Uskayaw.
  2013 | D:2      | Gained mutation: A weak demonic guardian rushes to your
                  | aid. [demonic ancestry]
  2013 | D:2      | Reached XP level 4. HP: 35/35 MP: 4/4
  2128 | D:2      | Quit the game

Illustrated notes

Levels and vault maps discovered:
D:1:      nagdon_arrival_double_spiral, layout_basic,
          shapermc_ecumenical_altar_starsandcircs, minmay_misc_feat_x
D:2:      layout_basic, basic_altar, grunt_ministairs_5, minmay_fountain_box

Skill      XL: |  1  2 |
---------------+-------+-----
Armour         | 3 |  3.4
Short Blades   | 2 |  2.5
Fighting       | |  3.5
Dodging        | |  0.4
Shields        | |  2.9

Action                   |  1- 3 |  4- 6 || total
-------------------------+-------+-------++-------
Melee: Rapier            |   122 |     3 ||   125
Armor: Scale mail        |    61 |     1 ||    62
Dodge: Dodged            |    53 |     2 ||    55
Block: Buckler           |    20 |     1 ||    21
